 Dungeon Crawl Stone Soup version 0.27-a0-931-g5a74e75d8f (webtiles) character file.

Game seed: 18046539088080701691

11 Alarkh the Insei (level 2, 22/22 HPs)
             Began as a Demonspawn Gladiator on Apr 10, 2021.
             Got out of the dungeon alive.
             The game lasted 00:00:22 (770 turns).

Alarkh the Insei (Demonspawn Gladiator)              Turns: 770, Time: 00:00:23

Health: 22/22      AC:  4    Str: 14    XL:     2   Next: 13%
Magic:  2/2        EV: 12    Int:  9    God:
Gold:   0          SH:  0    Dex: 14    Spells: 1/1 levels left

rFire    . . .     SeeInvis .     - Unarmed
rCold    . . .     Faith    .   (no shield)
rNeg     . . .     Spirit   .   a - +0 leather armour
rPois    .         Reflect  .   b - +0 helmet
rElec    .         Harm     .   (no cloak)
rCorr    .         Rampage  .   (no gloves)
Will     .....                  (no boots)
Stlth    +.........             (no amulet)
HPRegen  0.07/turn              (no ring)
MPRegen  0.08/turn              (no ring)

@: no status effects
A: demonic guardian 1
a: no special abilities


You escaped.
You visited 1 branch of the dungeon, and saw 1 of its levels.

Inventory:

Missiles
 c - 3 throwing nets (quivered)
Armour
 a - a +0 leather armour (worn)
 b - a +0 helmet (worn)


   Skills:
 + Level 2.3 Fighting
 - Level 1.7 Throwing
 - Level 2.6 Dodging
 * Level 3.1 Unarmed Combat


You had one spell level left.
You didn't know any spells.
Your spell library was empty.

Dungeon Overview and Level Annotations

Branches:
Dungeon (1/15)

Altars:

Shops:
D:1 (


Innate Abilities, Weirdness & Mutations

A weak demonic guardian rushes to your aid.


Message History

You hit the rat.
The rat is severely wounded.
The rat completely misses you.
You closely miss the rat.
The rat is severely wounded.
The rat bites you but does no damage.
You hit the rat.
The rat is severely wounded.
The rat bites you but does no damage.
You closely miss the rat.
The rat is severely wounded.
The rat closely misses you.
You barely miss the rat.
The rat is severely wounded.
The rat bites you but does no damage.
You closely miss the rat.
The rat is severely wounded.
The rat closely misses you.
You closely miss the rat.
The rat is severely wounded.
The rat closely misses you.
You hit the rat.
You kill the rat!
No target in view!
No target in view!
No target in view!
No target in view!
No target in view!
No target in view!
No target in view!
No target in view!
No target in view!
No target in view!
No target in view!
You see here a ball python corpse.
You enter the shallow water.
Moving in this stuff is going to be slow.
There is a staircase leading out of the dungeon here.
Are you sure you want to leave the Dungeon?
This will make you lose the game!
You have escaped!

.♣♣♣.♣♣ ♣♣♣.♣ ♣♣
♣♣.♣♣♣ ♣.♣ ♣
♣♣..♣♣♣ ♣♣.♣
♣♣♣..♣ ♣..♣ ♣♣.♣
♣♣.♣♣ ♣♣.♣♣
♣♣..♣♣ ♣.♣♣
♣.♣..♣♣♣ ≈♣
♣♣.♣♣ ♣......♣
≈≈
♣.♣.♣♣♣♣♣..@..♣♣
≈
♣♣....♣..P...♣♣
♣♣♣P♣.P♣♣♣♣♣♣
♣♣♣♣♣♣


There were no monsters in sight!

Vanquished Creatures
  A ball python (D:1)
  2 hobgoblins (D:1)
  A kobold (D:1)
  A quokka (D:1)
  A frilled lizard (D:1)
  2 goblins (D:1)
  2 rats (D:1)
10 creatures vanquished.

Notes
Turn   | Place    | Note
-------+----------+-------------------------------------------
     0 | D:1      | Alarkh the Demonspawn Gladiator began the quest for the
                  | Orb.
     0 | D:1      | Reached XP level 1. HP: 16/16 MP: 1/1
   463 | D:1      | Reached skill level 3 in Unarmed Combat
   492 | D:1      | Found Toucyb's Weapon Shop.
   506 | D:1      | Gained mutation: A weak demonic guardian rushes to your
                  | aid. [demonic ancestry]
   506 | D:1      | Reached XP level 2. HP: 9/22 MP: 2/2
   770 | D:$      | Got out of the dungeon alive.

Illustrated notes

Levels and vault maps discovered:
D:1:      kilobyte_arrival_exit_the_forest, layout_loops_ring, serial_shops,
          shop

Skill      XL: |  1 |
---------------+----+-----
Unarmed Combat | 3 |  3.1
Fighting       | |  2.3
Throwing       | |  1.7
Dodging        | |  2.6

Action                   || total
-------------------------++-------
Melee: Unarmed           ||    44
Armor: Leather armour    ||    12
Dodge: Dodged            ||    27

Table legend: (Time is in decaauts)
 A = Elapsed time spent in this place.
 B = Non-inter-level travel time spent in this place.
 C = Inter-level travel time spent in this place.
 D = Time resting spent in this place.
 E = Time spent auto-exploring this place.
 F = Levels seen in this place.
 G = Mean time per level.
                   A        B        C        D        E       F      G
               +--------+--------+--------+--------+--------+-----+--------+
         Total |    770 |    627 |    143 |      0 |    552 |   1 |  770.0 |
       Dungeon |    770 |    627 |    143 |      0 |    552 |   1 |  770.0 |
               +--------+--------+--------+--------+--------+-----+--------+

Top non-repeatable levels by time:
     D:1: 770 daAuts
